 Dungeon Crawl Stone Soup version 0.27-a0-998-g4cfe56dd59 (webtiles) character file.

Game seed: 955981005651774639

3096 voltaire321 the Sneak (level 9, 0/53 HPs)
             Began as an Octopode Ice Elementalist on Apr 16, 2021.
             Was a Follower of Hepliaklqana.
             Slain by Maggie
             ... wielding a +1 halberd of flaming
              (13 damage)
             ... on level 7 of the Dungeon.
             The game lasted 00:32:01 (8137 turns).

voltaire321 the Sneak (Octopode Ice Elementalist)   Turns: 8137, Time: 00:32:02

Health: 0/53       AC:  2    Str: 14    XL:     9   Next: 90%
Magic:  12/16      EV: 14    Int: 20    God:    Hepliaklqana [*.....]
Gold:   1285       SH:  0    Dex: 12    Spells: 9/17 levels left

rFire    . . .     SeeInvis .   a - +10 short sword of the Freezing Seeker {drain, rC+}
rCold    + . .     Faith    .   (no shield)
rNeg     . . .     Spirit   .   b - +1 hat
rPois    .         Reflect  .   (no amulet)
rElec    .         Harm     .   s - +6 ring of strength
rCorr    .         Rampage  .   (no ring)
Will     .....                  (no ring)
Stlth    +++++.....             (no ring)
HPRegen  0.17/turn              (no ring)
MPRegen  0.15/turn              (no ring)
                                (no ring)
                                (no ring)

@: no status effects
A: reduced essence, almost no armour, amphibious, 8 rings, camouflage 1,
gelatinous body 1, (nimble swimmer 1), tentacles
a: Renounce Religion, Recall Ancestor, Ancestor Identity


You were on level 7 of the Dungeon.
You worshipped Hepliaklqana.
Hepliaklqana was aware of your devotion.
You visited 2 branches of the dungeon, and saw 8 of its levels.
You also visited: Sewer.

You collected 1285 gold pieces.

Inventory:

Hand Weapons
 a - the +10 short sword of the Freezing Seeker (weapon) {drain, rC+}
   (You acquired it on level 1 of the Dungeon)

   A truly terrible weapon, it drains the life of those it strikes.
   It protects you from cold.
 t - the +8 hunting sling "Piohucar" {vorpal, rF+ Str+3}
   (You found it on level 4 of the Dungeon)

   Any stone fired from it inflicts extra damage.
   It affects your strength (+3).
   It protects you from fire.
Missiles
 e - 7 curare-tipped darts
 o - 6 javelins (quivered)
 C - 4 throwing nets
Armour
 b - a +1 hat (worn)
Jewellery
 g - a ring of ice
 i - an amulet of guardian spirit
 j - a ring of protection from fire
 n - a ring of fire
 s - a +6 ring of strength (left tentacle)
 x - the ring "Luuweoff" {*Slow rC+ Slay+6}
   (You found it on level 6 of the Dungeon)

   [ring of protection from cold]

   It affects your accuracy and damage with ranged weapons and melee attacks
   (+6).
   It protects you from cold.
   It may slow you when you take damage.
 y - a ring of ice
Wands
 u - a wand of charming (9)
 D - a wand of flame (28)
Scrolls
 d - 3 scrolls of identify
 k - 3 scrolls of fog
 p - 8 scrolls of teleportation
 r - a scroll of amnesia {unknown}
 A - a scroll of brand weapon {unknown}
 B - a scroll of summoning {unknown}
Potions
 c - a potion of might
 f - a potion of degeneration {unknown}
 h - a potion of cancellation {unknown}
 l - 3 potions of haste
 q - a potion of invisibility {unknown}
 v - a potion of berserk rage {unknown}
 w - 2 potions of flight {unknown}
 z - a potion of brilliance {unknown}


   Skills:
 + Level 4.6 Fighting
 + Level 4.3 Short Blades
 + Level 5.3 Dodging
 + Level 7.8 Stealth
 + Level 4.9 Spellcasting
 - Level 4.0 Hexes
 + Level 6.3 Ice Magic
 + Level 2.7 Air Magic
 + Level 3.2 Poison Magic


You had 9 spell levels left.
You knew the following spells:

 Your Spells              Type           Power      Damage    Failure   Level
a - Freeze                Ice            100%       1d11      1%          1
b - Frozen Ramparts       Ice            60%        1d8       2%          3
c - Ensorcelled Hibernat  Hex/Ice        50%        N/A       2%          2
d - Poisonous Vapours     Pois/Air       32%        N/A       5%          2

Your spell library contained the following spells:

 Spells                   Type           Power      Damage    Failure   Level
 Corona                   Hex            22%        N/A       2%          1
 Ozocubu's Armour         Ice            30%        N/A       2%          3
 Sting                    Tmut/Pois      44%        1d5       6%          1
 Confusing Touch          Hex            20%        N/A       7%          3
 Tukima's Dance           Hex            20%        N/A       7%          3
 Dazzling Flash           Conj/Hex       24%        N/A       16%         3
 Mephitic Cloud           Conj/Pois/Air  12%        N/A       16%         3
 Ignite Poison            Fire/Tmut/Pois 9%         N/A       22%         3
 Olgreb's Toxic Radiance  Pois           18%        N/A       30%         4
 Hailstorm                Conj/Ice       17%        3d6       32%         4
 Metabolic Englaciation   Hex/Ice        12%        N/A       36%         5


Dungeon Overview and Level Annotations

Branches:
Dungeon (7/15)             Temple (1/1) D:6           Sewer (visited)

Altars:
Ashenzari
Cheibriados
Dithmenos
Elyvilon
Fedhas
Gozag
Hepliaklqana
Makhleb
Nemelex Xobeh
Okawaru
Qazlal
Ru
Sif Muna
Trog
Uskayaw
Vehumet
Wu Jian
Xom
Yredelemnul
The Shining One

Shops:
D:2 *

Annotations:
D:7 Maggie


Innate Abilities, Weirdness & Mutations

Your life essence is reduced to manifest your ancestor. (-10% HP)
You cannot wear most types of armour.
You are amphibious.
You can wear up to eight rings at the same time.
Your skin changes colour to match your surroundings (Stealth+).
Your rubbery body absorbs attacks. (AC +1, EV +1)
((You are camouflaged near water. (Stealth+)))
You have tentacles for arms and can constrict up to eight enemies at once.


Message History

You can't see any susceptible monsters within range! (Use Z to cast anyway.)
Casting: Frozen Ramparts (dangerous; 2% risk of failure)
Confirm with . or Enter, or press ? or * to list all spells.
Aiming: Poisonous Vapours (safe; 5% risk of failure)
Press: ? - help, Dir - move target, f - Maggie
Aim: Maggie, wielding a +1 halberd of flaming, wearing +0 swamp dragon scales, wearing the ring of Relativism {rC+ rCorr Dex+2 SInv} and carrying a wand of flame (11) (heavily wounded, ally target) Maggie cannot be affected by poisonous vapours!
The frozen ramparts melt away.
Djefatnebti barely misses Maggie.
Maggie hits Djefatnebti with a +1 halberd of flaming!
Maggie burns Djefatnebti.
Djefatnebti is destroyed!
Maggie hits you from afar with a +1 halberd of flaming!
Maggie burns you.
Casting: Poisonous Vapours (safe; 5% risk of failure)
Confirm with . or Enter, or press ? or * to list all spells.
Casting: Frozen Ramparts (dangerous; 2% risk of failure)
Press: ? - help, Dir - look around, f - activate The walls around you are covered in ice.
Maggie resists.
The wall freezes Maggie.
Maggie barely misses you.
Maggie resists.
The wall freezes Maggie.
Maggie gestures at you while chanting. The bolt of fire hits you!!
* * * LOW HITPOINT WARNING * * *
Okay, then.
Your frozen ramparts will break if you move.
Continue?
Okay, then.
Your frozen ramparts will break if you move.
Continue?
The frozen ramparts melt away as you move.
Maggie completely misses you.
You hit Maggie but do no damage. You grab Maggie.
Maggie is heavily wounded.
You constrict Maggie, but do no damage. Maggie barely misses you.
You puncture Maggie!
Maggie is severely wounded.
You constrict Maggie. You puncture Maggie! You drain Maggie.
Maggie is almost dead.
You constrict Maggie.
Maggie hits you with a +1 halberd of flaming!
You die...

######### #.....@.#
#.#####@#
#####.#####.#
#...........#
#.###.##.##.# #.#
#.##.##.#... #.#
#........... #######.#
#.#####.##..
....(##.###.......##..


You could see Maggie (drained).

Vanquished Creatures
  Harold (D:7)
  Eustachio (D:6)
  Menkaure (D:7)
  A water moccasin (D:6)
  2 black bears
  2 orc warriors
  2 necrophages
  2 ogres
  2 centaurs (D:6)
  Blork the orc (D:5)
  2 bullfrogs (D:6)
  A gnoll sergeant (D:6)
  A wyvern skeleton (D:7)
  2 howler monkeys (D:7)
  2 jellies
  2 orc priests (D:7)
  2 centaur skeletons (D:7)
  2 bullfrog skeletons (D:5)
  A hound (D:5)
  4 iguanas
  3 orc wizards
  A howler monkey zombie (D:6)
  9 adders
  4 gnolls (D:6)
  2 river rats (D:5)
  A shadow imp (D:6)
  An ufetubus (D:4)
  4 worms
  A dart slug (D:2)
  14 orcs
  10 ball pythons
  5 bats
  6 endoplasms
  4 giant cockroaches
  5 goblins
  4 hobgoblins
  6 jackals (Sewer)
  5 quokkas
  8 frilled lizards
  15 kobolds
  4 rats
146 creatures vanquished.

Vanquished Creatures (collateral kills)
  3 orc wizards (D:7)
  2 orcs (D:7)
5 creatures vanquished.

Vanquished Creatures (others)
  3 ancestors (D:7)
  An orc (D:7)
  3 plants (Sewer)
7 creatures vanquished.

Grand Total: 158 creatures vanquished

Notes
Turn   | Place    | Note
-------+----------+-------------------------------------------
     0 | D:1      | voltaire321 the Octopode Ice Elementalist began the quest
                  | for the Orb.
     0 | D:1      | Reached XP level 1. HP: 11/11 MP: 3/3
   351 | D:1      | Reached skill level 3 in Stealth
   351 | D:1      | Reached XP level 2. HP: 13/17 MP: 0/5
   515 | D:1      | Identified a scroll of acquirement
   515 | D:1      | Acquired the +10 short sword of the Freezing Seeker {drain,
                  | rC+}
  1513 | D:2      | Reached XP level 3. HP: 22/22 MP: 6/6
  1850 | D:2      | Found Pogorgh's Assorted Antiques.
  1886 | D:2      | Learned a level 3 spell: Frozen Ramparts
  1889 | D:2      | Learned a level 2 spell: Ensorcelled Hibernation
  2170 | D:3      | Reached skill level 1 in Fighting
  2170 | D:3      | Reached XP level 4. HP: 28/28 MP: 7/7
  2415 | D:3      | Found a faded altar of an unknown god.
  2484 | D:3      | Reached XP level 5. HP: 26/33 MP: 9/9
  2523 | D:3      | Reached skill level 4 in Stealth
  2523 | D:3      | Reached skill level 1 in Hexes
  2576 | D:3      | Found a hide-covered altar of Uskayaw.
  2686 | D:3      | Found a sacrificial altar of Ru.
  2686 | D:3      | Found a shimmering blue altar of Sif Muna.
  3197 | D:4      | Identified the +8 hunting sling "Piohucar" {vorpal, rF+
                  | Str+3}
  3301 | D:4      | Noticed a necrophage
  3310 | D:4      | Killed a necrophage
  3311 | D:4      | Reached skill level 1 in Short Blades
  3311 | D:4      | Reached XP level 6. HP: 34/39 MP: 10/10
  3922 | D:5      | Entered Level 5 of the Dungeon
  4006 | D:5      | Found a glowing drain.
  4016 | Sewer    | Entered a sewer
  4673 | D:5      | Reached XP level 7. HP: 45/45 MP: 11/11
  4691 | D:5      | Noticed Blork the orc
  4701 | D:5      | Killed Blork the orc
  4702 | D:5      | Reached skill level 5 in Stealth
  4756 | D:5      | Reached skill level 5 in Ice Magic
  5101 | D:5      | Acquired 926 gold pieces
  5327 | D:6      | Noticed Eustachio
  5354 | D:6      | Killed Eustachio
  5355 | D:6      | Reached XP level 8. HP: 52/52 MP: 13/13
  5469 | D:6      | Identified the ring "Luuweoff" {*Slow rC+ Slay+6}
  5664 | D:6      | Reached skill level 6 in Stealth
  5928 | D:6      | Learned a level 2 spell: Poisonous Vapours
  6000 | D:6      | Reached skill level 1 in Poison Magic
  6135 | D:6      | Found a staircase to the Ecumenical Temple.
  6142 | D:6      | Reached skill level 1 in Air Magic
  6150 | Temple   | Entered the Ecumenical Temple
  6391 | Temple   | Became a worshipper of Hepliaklqana the Forgotten
  6615 | D:6      | Reached XP level 9. HP: 43/52 MP: 15/15
  6938 | D:7      | Reached * piety under Hepliaklqana
  7020 | D:7      | Noticed Menkaure
  7024 | D:7      | Noticed Harold
  7025 | D:7      | Killed Menkaure
  7034 | D:7      | HP: 2/52 [Harold/+0 battleaxe (30)]
  7038 | D:7      | Killed Harold
  7039 | D:7      | Reached skill level 5 in Dodging
  7039 | D:7      | Reached skill level 7 in Stealth
  7043 | D:7      | Found an ornate altar of the Wu Jian Council.
  7111 | D:7      | Noticed Maggie
  8117 | D:7      | Identified the ring of Relativism {rC+ rCorr Dex+2 SInv}
  8137 | D:7      | Slain by Maggie

Illustrated notes

Levels and vault maps discovered:
D:1:      lightli_arrival_farm, layout_basic, corexii_item_surrounded_by_moat,
          hangedman_glass_teeth
D:2:      layout_loops_ring, serial_shops, shop, chequers_serial_rivers_marsh,
          minmay_close_crescents
D:3:      layout_loops_ring, general_overflow_altar,
          gammafunk_temple_overflow_pools, hellmonk_ecumenical_altar_zigzags,
          minmay_checkerbox
D:4:      layout_loops_ring
D:5:      layout_rooms, portal_sewer_entry_e, fountainhead,
          kennysheep_cross_bottleneck, uniq_blork_the_orc
D:6:      layout_gridville, minmay_temple_entry_ruins, ldierk_geyser,
          uniq_eustachio
D:7:      layout_loops_cross, lemuel_doored_altar, grunt_tough_drop,
          uniq_harold, uniq_maggie, uniq_menkaure
Temple:   eino_temple_rhombus

Skill      XL: |  1  2  3  4  5  6  7  8  9 |
---------------+----------------------------+-----
Stealth        | 3 4 5 6 7 |  7.8
Fighting       | 1 2 3 4 |  4.6
Hexes          | 1 2 3 4 |  4.0
Short Blades   | 1 2 3 4 |  4.3
Dodging        | 3 4 5 |  5.3
Spellcasting   | 3 4 |  4.9
Ice Magic      | 5 6 |  6.3
Poison Magic   | 1 3 |  3.2
Air Magic      | 1 2 |  2.7

Action                   |  1- 3 |  4- 6 |  7- 9 || total
-------------------------+-------+-------+-------++-------
Melee: Unarmed           |    16 |       |       ||    16
       Constrict         |     7 |    22 |    24 ||    53
       Tentacles         |     4 |     9 |    15 ||    28
       Dagger            |    11 |       |       ||    11
       Short sword       |    22 |   109 |   112 ||   243
Throw: Javelin           |       |     5 |     5 ||    10
 Cast: Freeze            |     8 |       |       ||     8
       Frozen Ramparts   |       |       |    15 ||    15
       Poisonous Vapours |       |       |     2 ||     2
  Use: Scroll            |     2 |     4 |     4 ||    10
       Potion            |       |       |     5 ||     5
 Stab: Sleeping          |    19 |    22 |     4 ||    45
       Distracted        |       |       |     1 ||     1
Armor: Skin              |     6 |     8 |    12 ||    26
Dodge: Dodged            |    18 |    33 |    76 ||   127

Table legend: (Time is in decaauts)
 A = Elapsed time spent in this place.
 B = Non-inter-level travel time spent in this place.
 C = Inter-level travel time spent in this place.
 D = Time resting spent in this place.
 E = Time spent auto-exploring this place.
 F = Levels seen in this place.
 G = Mean time per level.
                   A        B        C        D        E       F      G
               +--------+--------+--------+--------+--------+-----+--------+
         Total |   8144 |   8050 |     94 |   2133 |   4136 |   9 |  904.9 |
       Dungeon |   7283 |   7189 |     94 |   2012 |   3588 |   7 | 1040.4 |
        Temple |    252 |    252 |      0 |      0 |    217 |   1 |  252.0 |
         Sewer |    608 |    608 |      0 |    121 |    331 |   1 |  608.0 |
               +--------+--------+--------+--------+--------+-----+--------+

Top non-repeatable levels by time:
     D:6: 1736 daAuts
     D:1: 1456 daAuts
     D:3: 931 daAuts
     D:4: 881 daAuts
     D:7: 827 daAuts
     D:5: 789 daAuts
     D:2: 660 daAuts
   Sewer: 608 daAuts
  Temple: 252 daAuts
